 Dungeon Crawl Stone Soup version 0.28-a0-194-g42b4daccc1 (webtiles) character file.

Game seed: 13463234261595698204

121 timneilson the Covered (level 5, -3/33 HPs)
             Began as a Gargoyle Fighter on Aug 18, 2021.
             Slain by a gnoll (4 damage)
             ... on level 2 of the Dungeon.
             The game lasted 00:02:33 (1913 turns).

timneilson the Covered (Gargoyle Fighter)           Turns: 1913, Time: 00:02:33

Health: -3/33      AC: 13    Str: 21    XL:     5   Next: 5%
Magic:  5/5        EV:  5    Int:  8    God:
Gold:   112        SH:  9    Dex:  9    Spells: 4/4 levels left

rFire   . . .      SeeInvis .   a - +0 long sword
rCold   . . .      Faith    .   c - +1 kite shield
rNeg    + . .      Spirit   .   e - +0 chain mail
rPois   ∞          Reflect  .   (no helmet)
rElec   +          Harm     .   (no cloak)
rCorr   .          Rampage  .   (no gloves)
Will    .....                   (no boots)
Stlth   ..........              (no amulet)
HPRegen 0.11/turn               (no ring)
MPRegen 0.09/turn               (no ring)

@: mighty
A: sickness immunity, AC +4, negative energy resistance 1, electricity
resistance, torment resistance 1, petrification resistance
a: no special abilities


You were on level 2 of the Dungeon.
You visited 1 branch of the dungeon, and saw 2 of its levels.

You collected 112 gold pieces.

Inventory:

Hand Weapons
 a - a +0 long sword (weapon)
Armour
 c - a +1 kite shield (worn)
 e - a +0 chain mail (worn)
Scrolls
 b - a scroll of torment {unknown}
 i - a scroll of identify
 k - a scroll of fear {unknown}
Potions
 d - a potion of might
 g - a potion of lignification {unknown}
 h - a potion of magic {unknown}
 j - 2 potions of heal wounds {unknown}


   Skills:
 + Level 3.7 Fighting
 * Level 2.9 Long Blades
 * Level 4.4 Armour
 * Level 4.0 Shields


You had 4 spell levels left.
You didn't know any spells.
Your spell library contained the following spells:

 Spells                   Type           Power      Damage    Failure   Level
 Gell's Gravitas          Tloc           0%         N/A       100%        3
 Teleport Other           Tloc           0%         N/A       100%        3
 Dispersal                Tloc           0%         N/A       100%        6


Dungeon Overview and Level Annotations

Branches:
Dungeon (2/15)

Altars:


Innate Abilities, Weirdness & Mutations

You are immune to sickness and miasma.
Your stone body is resilient. (AC +4)
You are immune to poison.
You resist negative energy. (rN+)
You are resistant to electric shocks. (rElec)
You are resistant to unholy torment.
You are immune to petrification.


Message History

You feel very mighty all of a sudden. The gnoll hits you with a +0 halberd!
* * * LOW HITPOINT WARNING * * *
You slash the gnoll!
You kill the gnoll!
Your Shields skill increases to level 4!
Things that are here:
a +0 halberd; a gnoll corpse The gnoll hits you but does no damage.
There is an open door here.
The gnoll hits you but does no damage.
You slash the gnoll!
You kill the gnoll!
You have reached level 5!
You see here a +0 halberd.
There is an open door here.
Things that are here:
a +0 halberd; a gnoll corpse A gnoll comes into view.
It is wielding a +0 spear.
The gnoll shouts!
You hear a shout!
There is an open door here.
A gnoll comes into view.
It is wielding a +2 whip of electrocution.
The gnoll hits you with a +0 spear.
* * * LOW HITPOINT WARNING * * *
You hit the gnoll.
The gnoll is moderately wounded.
The gnoll barely misses you. The gnoll hits you with a +0 spear.
* * * LOW HITPOINT WARNING * * *
You closely miss the gnoll.
The gnoll is moderately wounded.
You block the gnoll's attack.
You closely miss the gnoll.
The gnoll is moderately wounded.
The gnoll hits you with a +0 spear.
* * * LOW HITPOINT WARNING * * *
The gnoll hits you but does no damage. You block the gnoll's attack.
Your shield and chain mail prevent you from hitting the gnoll.
The gnoll is moderately wounded.
The gnoll hits you with a +2 whip of electrocution.
You die...

#.#.#.........#.# #......# #.
#.#.#....<.####.# #......# #.
#..........####.#####......# ##.
#####.................<....####.>
#......####.######.....##....
####......#.....................
#.........#†##...###...#...#####
##.........#.##g..###.....###
.'.............g@.'.......#
##....######.##..)#)##.####
###### #.##...#.##.#
######.##...#.##.#
...............##.#
#################.#
#.................#
#.################# #.#


You could see 2 gnolls.

Vanquished Creatures
  5 adders (D:2)
  2 gnolls (D:2)
  A worm (D:2)
  2 dart slugs
  3 ball pythons (D:2)
  4 giant cockroaches (D:1)
  2 goblins (D:1)
  8 hobgoblins
  7 jackals (D:2)
  4 kobolds
  A quokka (D:2)
  4 bats
  2 frilled lizards
  5 rats
50 creatures vanquished.

Notes
Turn   | Place    | Note
-------+----------+-------------------------------------------
     0 | D:1      | timneilson the Gargoyle Fighter began the quest for the
                  | Orb.
     0 | D:1      | Reached XP level 1. HP: 14/14 MP: 1/1
   145 | D:1      | Reached XP level 2. HP: 19/19 MP: 2/2
   861 | D:2      | Found a faded altar of an unknown god.
   900 | D:2      | Reached XP level 3. HP: 23/23 MP: 3/3
  1298 | D:2      | Reached XP level 4. HP: 25/28 MP: 4/4
  1901 | D:2      | Reached XP level 5. HP: 8/33 MP: 5/5
  1912 | D:2      | HP: 1/33 [gnoll (2)]
  1913 | D:2      | Slain by a gnoll

Illustrated notes

Levels and vault maps discovered:
D:1:      tarquinn_simple_flora_water_d, layout_loops_ring
D:2:      minmay_general_purpose_star, layout_basic,
          dreamdust_ecumenical_altar_statues, minmay_tetromino_s4

Skill      XL: |  1  2  3  4 |
---------------+-------------+-----
Long Blades    | 2 |  2.9
Armour         | 4 |  4.4
Shields        | 4 |  4.0
Fighting       | |  3.7

Action                   |  1- 3 |  4- 6 || total
-------------------------+-------+-------++-------
Melee: Long sword        |   114 |    93 ||   207
  Use: Scroll            |     4 |       ||     4
       Potion            |       |     2 ||     2
Armor: Scale mail        |    28 |       ||    28
       Chain mail        |    43 |    67 ||   110
Dodge: Dodged            |    41 |    26 ||    67
Block: Kite shield       |    62 |    69 ||   131
       Rpst.: Long sword |    17 |    10 ||    27

Table legend: (Time is in decaauts)
 A = Elapsed time spent in this place.
 B = Non-inter-level travel time spent in this place.
 C = Inter-level travel time spent in this place.
 D = Time resting spent in this place.
 E = Time spent auto-exploring this place.
 F = Levels seen in this place.
 G = Mean time per level.
                   A        B        C        D        E       F      G
               +--------+--------+--------+--------+--------+-----+--------+
         Total |   2017 |   1999 |     18 |      0 |   1539 |   2 | 1008.5 |
       Dungeon |   2017 |   1999 |     18 |      0 |   1539 |   2 | 1008.5 |
               +--------+--------+--------+--------+--------+-----+--------+

Top non-repeatable levels by time:
     D:2: 1131 daAuts
     D:1: 886 daAuts
